 Dungeon Crawl Stone Soup version 0.29-a0-575-g0dc89cf053 (webtiles) character file.

Game seed: 9628912148728422702

88 spiderkeys the Skirmisher (level 5, -1/46 HPs)
             Began as a Meteoran Abyssal Knight on June 12, 2022.
             Was a Priest of Lugonu.
             Slain by an iguana (10 damage)
             ... on level 4 of the Dungeon.
             The game lasted 00:05:57 (1526 turns).

spiderkeys the Skirmisher (Meteoran Abyssal Knight) Turns: 1526, Time: 00:05:58

Health: -1/46      AC:  6    Str: 16    XL:     5   Next: 10%
Magic:  8/8        EV: 10    Int: 12    God:    Lugonu [***...]
Gold:   97         SH:  4    Dex: 14    Spells: 2/4 levels left

rFire   . . .      SeeInvis .   a - +1 spear
rCold   . . .      Faith    .   d - +0 buckler
rNeg    . . .      Spirit   .   m - +0 ring mail
rPois   .          Reflect  .   (no helmet)
rElec   .          Harm     .   i - +0 cloak
rCorr   .          Rampage  .   (no gloves)
Will    .....                   (no boots)
Stlth   +.........              (no amulet)
HPRegen 0.15/turn               (no ring)
MPRegen 0.11/turn               (no ring)

@: glowing
A: sense surroundings 1, otherworldly, glowing, explore regen
a: Renounce Religion, Depart the Abyss, Bend Space, Banish


You were on level 4 of the Dungeon.
You worshipped Lugonu.
Lugonu was most pleased with you.
You visited 1 branch of the dungeon, and saw 4 of its levels.
You visited the Abyss 1 time.

You collected 97 gold pieces.


Innate Abilities, Weirdness & Mutations

You passively map a small area around you.
You are easily found by Zot.
You glow in the dark.
You regain HP and MP as you explore.


   Skills:
 + Level 3.9 Fighting
 + Level 3.2 Polearms
 + Level 3.2 Armour
 - Level 1.5 Dodging
 + Level 1.8 Shields
 + Level 3.4 Invocations


You had 2 spell levels left.
You knew the following spells:

 Your Spells              Type           Power      Damage    Failure   Level
p - Poisonous Vapours     Pois/Air       0%         N/A       77%         2

Your spell library contained the following spells:

 Spells                   Type           Power      Damage    Failure   Level
 Shock                    Conj/Air       0%         1d3       63%         1
 Sting                    Tmut/Pois      0%         1d3       63%         1
 Swiftness                Air            0%         N/A       94%         3
 Airstrike                Air            0%         N/A       100%        4
 Olgreb's Toxic Radiance  Pois           0%         N/A       100%        4

Inventory:

Hand Weapons
 a - a +1 spear (weapon)
Missiles
 e - a stone
 f - 6 poisoned darts
Armour
 b - a +0 leather armour
 d - a +0 buckler (worn)
   (You found it on level 1 of the Dungeon)
 i - a +0 cloak (worn)
   (You found it on level 2 of the Dungeon)
 l - a +0 leather armour
   (You found it on level 2 of the Dungeon)
 m - a +0 ring mail (worn)
   (You found it on level 3 of the Dungeon)
 p - a +0 ring mail
   (You found it on level 3 of the Dungeon)
Scrolls
 c - a scroll of silence {!r}
 n - 3 scrolls of identify {@r1}
 q - a scroll of brand weapon {unknown}
 r - a scroll of vulnerability {unknown}
 s - a scroll of teleportation {@r4}
Potions
 g - a potion of brilliance {unknown}
 h - 2 potions of mutation {unknown}
 j - a potion of berserk rage {unknown}
 k - a potion of heal wounds {unknown}
 o - a potion of resistance {unknown}

Dungeon Overview and Level Annotations

Branches:
Dungeon (4/15)
 Temple: D:4-7

Altars:
Dithmenos
Wu Jian

##### #..<# #...#
#...###################
* * ,
#......................
#....#######...@l..?...,
, ##....#*
#....##########
......##...#### *
......##.# , **
..#......# * ,
....#.#### * * ,
.......... ..###..... ,
* *** , ..# ###### *


You could see an iguana.


Message History

😮 HP[+1]
You barely miss the orc. The orc hits you with a +0 war axe.
* * * LOW HITPOINT WARNING * * *
😨 HP[-2]
You take 2 damage, and now have 19/40 hp.
Unknown command.
You closely miss the orc. You block the orc's attack.
You hit the orc.
You kill the orc!
Lugonu accepts your kill. 😮 HP[+11]
You regained 11 hp, and now have 30/40 hp.
You now have 90 gold pieces (gained 8). 😕 HP[+1]
Found a stone staircase leading down. 😕 HP[+1] 😕 HP[+7]
You regained 7 hp, and now have 39/40 hp. 😎 HP[+1]
Your hp is fully restored (40).
n - 3 scrolls of identify {@r1}
Found a stone staircase leading up.
Found an ornate altar of the Wu Jian Council.
There is an ornate altar of the Wu Jian Council here.
o - a fuming puce potion
p - a +0 ring mail
q - a scroll labelled BASU GUIPHIACE A bat comes into view.
You reach to attack!
You closely miss the bat. You block the bat's attack.
You hit the bat.
You kill the bat!
Lugonu accepts your kill.
No target in view!
No target in view!
No target in view!
You see here a bat corpse.
An adder comes into view.
The adder hisses angrily.
You reach to attack!
You closely miss the adder. You barely miss the adder.
The adder bites you but does no damage. x2
You hit the adder. The adder misses you.
You miss the adder. The adder bites you but does no damage.
You hit the adder. The adder bites you but does no damage.
You hit the adder. You block the adder's attack.
The adder bites you but does no damage.
You hit the adder.
You kill the adder!
Lugonu accepts your kill.
You have reached level 5! 😎 HP[+6] MP[+1]
You now have 46 max hp (+6).
Your hp is fully restored (46).
Your mp is fully restored (8).
You see here an adder corpse.
There is a stone staircase leading down here.
You climb downwards.
Found three items.
Found a stone staircase leading down.
There is a stone staircase leading up here.
You now have 97 gold pieces (gained 7).
r - a scroll labelled KURCHE ZOXKIEHO
s - a scroll of teleportation {@r4}
Found a stone staircase leading up.
An iguana comes into view.
You reach to attack!
You hit the iguana but do no damage. You hit the iguana but do no damage.
You barely miss the iguana. The iguana misses you.
You closely miss the iguana. The iguana bites you.
The iguana barely misses you. 😕 HP[-5]
You take 5 damage, and now have 41/46 hp.
You hit the iguana. You puncture the iguana!
The iguana bites you but does no damage.
You hit the iguana but do no damage.
The iguana bites you but does no damage.
You barely miss the iguana. The iguana bites you. 😕 HP[-5]
You take 5 damage, and now have 36/46 hp.
You closely miss the iguana. The iguana barely misses you.
You barely miss the iguana. The iguana bites you! 😮 HP[-8]
You take 8 damage, and now have 28/46 hp.
You are too injured to fight recklessly!
You are too injured to fight recklessly!
You are too injured to fight recklessly!
You are too injured to fight recklessly!
You barely miss the iguana. The iguana closely misses you.
You hit the iguana but do no damage. The iguana closely misses you.
You barely miss the iguana. The iguana barely misses you.
You hit the iguana but do no damage. The iguana bites you!
* * * LOW HITPOINT WARNING * * *
😨 HP[-10]
You take 10 damage, and now have 18/46 hp.
MASSIVE DAMAGE!! (PAUSE)
You hit the iguana. You block the iguana's attack.
You hit the iguana but do no damage. The iguana bites you!
* * * LOW HITPOINT WARNING * * *
😱 HP[-9]
You take 9 damage, and now have 9/46 hp.
You closely miss the iguana. The iguana bites you!
You die...

Skill      XL: |  1  2  3  4 |
---------------+-------------+-----
Invocations    | 3 |  3.4
Shields        | 1 |  1.8
Polearms       | 3 |  3.2
Armour         | 3 |  3.2
Fighting       | |  3.9
Dodging        | |  1.5

Action                   |  1- 3 |  4- 6 || total
-------------------------+-------+-------++-------
Melee: Spear             |    94 |    93 ||   187
  Use: Scroll            |     3 |     2 ||     5
Armor: Leather armour    |    23 |     8 ||    31
       Ring mail         |       |    24 ||    24
Dodge: Dodged            |    32 |    27 ||    59
Block: Buckler           |     7 |    11 ||    18

Levels and vault maps discovered:
D:1:      minmay_arrival_four_houses, layout_loops_cross, grunt_decor_junction,
          corexii_corridor_pit, kennysheep_nondescript
D:2:      layout_rooms, dreamdust_ecumenical_altar_statues
D:3:      layout_loops_ring, mainiacjoe_overflow_paths,
          lemuel_coloured_pillars_altar
D:4:      layout_rooms, nicolae_overflow_crystal_walls,
          minmay_temple_entry_glass, ebering_ghost_disaster_area

Notes
Turn   | Place    | Note
-------+----------+-------------------------------------------
     0 | Abyss:1  | spiderkeys the Meteoran Abyssal Knight began the quest for
                  | the Orb.
     0 | Abyss:1  | Reached XP level 1. HP: 19/19 MP: 3/3
     0 | Abyss:1  | magus.rc [v1.11.3]
    13 | D:1      | You pass through the gate.
    13 | D:1      | Escaped the Abyss
    85 | D:1      | Reached XP level 2. HP: 26/26 MP: 4/4
   442 | D:1      | Reached XP level 3. HP: 31/31 MP: 6/6
   456 | D:1      | You pick up a book of Air and begin reading...
   456 | D:1      | You add the spells Shock, Swiftness and Airstrike to your
                  | library.
   506 | D:1      | You add the spells Sting, Poisonous Vapours and Olgreb's
                  | Toxic Radiance to your library.
   511 | D:1      | Glimpsed the power of Zot.
   561 | D:1      | Glimpsed the power of Zot.
   601 | D:1      | Glimpsed the power of Zot.
   658 | D:2      | Reached *** piety under Lugonu
   659 | D:2      | Reached skill level 3 in Invocations
   725 | D:1      | Reached skill level 1 in Shields
   815 | D:2      | Found a faded altar of an unknown god.
   870 | D:2      | Reached skill level 3 in Polearms
   870 | D:2      | Reached XP level 4. HP: 40/40 MP: 7/7
   884 | D:2      | Reached skill level 3 in Armour
  1126 | D:3      | Learned a level 2 spell: Poisonous Vapours
  1179 | D:3      | Found a shadowy altar of Dithmenos.
  1319 | D:3      | Found an ornate altar of the Wu Jian Council.
  1437 | D:3      | Reached XP level 5. HP: 46/46 MP: 8/8
  1525 | D:4      | HP: 9/46 [iguana (9)]
  1526 | D:4      | Slain by an iguana

Vanquished Creatures
  3 adders (D:3)
  2 worms (D:2)
  A dart slug (D:2)
  An orc (D:3)
  8 endoplasms
  A giant cockroach (D:1)
  2 goblins (D:1)
  3 hobgoblins
  2 jackals (D:2)
  8 kobolds
  6 ball pythons
  6 bats
  4 frilled lizards
  5 rats
52 creatures vanquished.

Table legend:
 A = Non-vault XP
 B = Vault XP
 C = Vault XP percentage of total XP
 D = Non-vault monster count
 E = Vault monster count
 F = Vault count percentage of total count
                 A         B        C        D         E       F
            +---------+---------+-------+---------+---------+-------
      Total |     127 |       0 |   0.0 |      52 |       0 |   0.0
            +---------+---------+-------+---------+---------+-------
        D:1 |      32 |       0 |   0.0 |      21 |       0 |   0.0
        D:2 |      39 |       0 |   0.0 |      18 |       0 |   0.0
        D:3 |      56 |       0 |   0.0 |      13 |       0 |   0.0
            +---------+---------+-------+---------+---------+-------

Illustrated notes

Table legend:
 A = Kills in this place as a percentage of kills in entire the game.
 B = Kills by you in this place as a percentage of kills by you in the entire game.
 C = Kills by friends in this place as a percentage of kills by friends in the entire game.
 D = Other kills in this place as a percentage of other kills in the entire game.
 E = Experience gained in this place as a percentage of experience gained in the entire game.
 F = Experience gained in this place divided by the number of levels of this place that you have seen.
                   A       B       C       D       E      F
               +-------+-------+-------+-------+-------+----------------------
         Total | 100.0 | 100.0 |   N/A |   N/A | 100.0 |  25.4
       Dungeon | 100.0 | 100.0 |   N/A |   N/A | 100.0 |  31.8
               +-------+-------+-------+-------+-------+----------------------

Table legend: (Time is in decaauts)
 A = Elapsed time spent in this place.
 B = Non-inter-level travel time spent in this place.
 C = Inter-level travel time spent in this place.
 D = Time resting spent in this place.
 E = Time spent auto-exploring this place.
 F = Levels seen in this place.
 G = Mean time per level.
                   A        B        C        D        E       F      G
               +--------+--------+--------+--------+--------+-----+--------+
         Total |   1526 |    706 |    820 |      0 |     83 |   5 |  305.2 |
       Dungeon |   1513 |    693 |    820 |      0 |     83 |   4 |  378.2 |
         Abyss |     13 |     13 |      0 |      0 |      0 |   1 |   13.0 |
               +--------+--------+--------+--------+--------+-----+--------+

Top non-repeatable levels by time:
     D:1: 700 daAuts
     D:3: 440 daAuts
     D:2: 324 daAuts
     D:4: 47 daAuts
 Abyss:1: 13 daAuts
